 Dungeon Crawl Stone Soup version 0.27-a0-1308-gc08437e49b (webtiles) character file.

Game seed: 159689893311224720

711 pokeman the Thaumaturge (level 7, -1/38 HPs)
             Began as a Deep Elf Hedge Wizard on June 18, 2021.
             Slain by Prince Ribbit (14 damage)
             ... on level 5 of the Dungeon.
             The game lasted 00:08:04 (4724 turns).

pokeman the Thaumaturge (Deep Elf Hedge Wizard)     Turns: 4724, Time: 00:08:05

Health: -1/38      AC:  3    Str:  7    XL:     7   Next: 40%
Magic:  23/30      EV: 16    Int: 21    God:
Gold:   32         SH:  0    Dex: 14    Spells: 12/24 levels left

rFire    . . .     SeeInvis .   j - +2 dagger (venom)
rCold    . . .     Faith    .   (no shield)
rNeg     . . .     Spirit   .   l - +0 leather armour
rPois    .         Reflect  .   c - +0 hat
rElec    .         Harm     .   (no cloak)
rCorr    .         Rampage  .   (no gloves)
Will     .....                  (no boots)
Stlth    ++........             (no amulet)
HPRegen  0.12/turn              d - ring of magical power
MPRegen  0.22/turn              k - +4 ring of evasion

@: no status effects
A: no striking features
a: no special abilities


You were on level 5 of the Dungeon.
You visited 1 branch of the dungeon, and saw 5 of its levels.

You collected 192 gold pieces.
You spent 160 gold pieces at shops.

Inventory:

Hand Weapons
 j - a +2 dagger of venom (weapon)
Missiles
 a - 51 arrows
 n - 45 bolts
Armour
 c - a +0 hat (worn)
 l - a +0 leather armour (worn)
Jewellery
 d - a ring of magical power (left hand)
 k - a +4 ring of evasion (right hand)
Wands
 r - a wand of acid (2)
 t - a wand of paralysis (5)
Scrolls
 f - 4 scrolls of teleportation {unknown}
 g - a scroll of magic mapping {unknown}
 h - 2 scrolls of torment {unknown}
 m - 4 scrolls of identify {unknown}
 p - a scroll of noise {unknown}
 s - a scroll of immolation {unknown}
 v - a scroll of fear {unknown}
Potions
 b - 2 potions of flight {unknown}
 e - 5 potions of curing
 i - 3 potions of haste {unknown}
 o - 2 potions of magic {unknown}
 q - 3 potions of heal wounds
 u - a potion of resistance {unknown}


   Skills:
 + Level 1.6 Fighting
 - Level 1.0 Armour
 - Level 3.0 Dodging
 - Level 3.2 Stealth
 * Level 9.0 Spellcasting
 + Level 3.4 Conjurations
 - Level 1.1 Summonings
 - Level 1.1 Translocations
 + Level 1.0 Fire Magic
 - Level 1.4 Air Magic
 - Level 1.0 Poison Magic
 - Level 1.0 Evocations


You had 12 spell levels left.
You knew the following spells:

 Your Spells              Type           Power      Damage    Failure   Level
a - Magic Dart            Conj           96%        1d7       2%          1
b - Mephitic Cloud        Conj/Pois/Air  17%        N/A       14%         3
c - Call Imp              Summ           14%        N/A       10%         2
d - Blink                 Tloc           N/A        N/A       10%         2
e - Conjure Flame         Conj/Fire      18%        6-21      13%         3
f - Apportation           Tloc           28%        N/A       7%          1

Your spell library contained the following spells:

 Spells                   Type           Power      Damage    Failure   Level
 Corpse Rot               Necr/Air       N/A        N/A       12%         2
 Slow                     Hex            9%         N/A       16%         2
 Sublimation of Blood     Necr           4%         N/A       16%         2
 Gell's Gravitas          Tloc           7%         N/A       21%         3
 Confusing Touch          Hex            9%         N/A       30%         3
 Passage of Golubria      Tloc           N/A        N/A       54%         4
 Dispel Undead            Necr           9%         3d8       71%         4
 Petrify                  Tmut/Erth      9%         N/A       71%         4
 Alistair's Intoxication  Tmut/Pois      7%         N/A       93%         5
 Agony                    Necr           9%         N/A       96%         5
 Excruciating Wounds      Necr           4%         N/A       96%         5
 Metabolic Englaciation   Hex/Ice        4%         N/A       96%         5
 Yara's Violent Unravell  Hex/Tmut       4%         3d4       96%         5
 Dispersal                Tloc           7%         N/A       100%        6


Dungeon Overview and Level Annotations

Branches:
Dungeon (5/15)
 Temple: D:4-7

Altars:
Cheibriados
Fedhas

Shops:
D:1 !

Annotations:
D:5 Eustachio, Prince Ribbit


Message History

The ufetubus completely misses you. The ufetubus closely misses you.
Prince Ribbit hits the ufetubus.
The ufetubus closely misses you. The ufetubus barely misses you.
You hit Prince Ribbit but do no damage.
Prince Ribbit is poisoned.
Prince Ribbit is heavily wounded.
The ufetubus hits you but does no damage.
The ufetubus completely misses you.
You barely miss Prince Ribbit.
Prince Ribbit is heavily wounded.
The ufetubus barely misses you. x2; Prince Ribbit hits you!
The ufetubus barely misses you. The ufetubus hits you.
Unknown command.
You barely miss Prince Ribbit.
Prince Ribbit is heavily wounded.
The ufetubus misses you. x2
Unknown command.
Casting: Magic Dart (safe; 2% risk of failure)
Confirm with . or Enter, or press ? or * to list all spells.
The spell is quite dangerous to cast (14% risk of failure)!
Continue anyway?
Aiming: Mephitic Cloud (quite dangerous; 14% risk of failure)
Press: ? - help, Shift-Dir - straight line, f - Eustachio, p - Prince Ribbit
Aim: Eustachio, wielding a +0 rapier and wearing a +0 leather armour (chance to affect: 81%)
The ball explodes into a vile cloud!
The stinking cloud engulfs Eustachio but does no damage.
The ufetubus hits you. The ufetubus closely misses you. x2
The ufetubus barely misses you.
Eustachio is engulfed in noxious fumes.
Eustachio appears confused.
Unknown command.
Unknown command.
You hit Eustachio.
Eustachio is poisoned.
Eustachio is lightly wounded.
The ufetubus hits you but does no damage. x2
Eustachio is engulfed in noxious fumes.
Eustachio appears confused.
You hit Eustachio.
Eustachio looks as sick as possible!
Eustachio is lightly wounded.
The ufetubus hits you but does no damage.
The ufetubus hits you.
The ufetubus hits you but does no damage.
The ufetubus misses you. Prince Ribbit hits you!
You die...

#.#.##....#
####.#......##
#......##..##
...##...##.##
##.)....##
######.○.....#
#....○°☼.....#
#...###.○......#
... #@@......+ .
#F.5.....+
#.....?..#
##.......#
........#
........#
.........
#.........


You could see Eustachio (confused, extremely poisoned), Prince Ribbit (confused,
poisoned) and an ufetubus.

Vanquished Creatures
  Grinder (D:3)
  Sigmund (D:3)
  An ogre (D:4)
  A hound (D:4)
  Ijyb (D:3)
  Natasha (thrice) (D:3)
  A hound skeleton (D:4)
  A gnoll (D:1)
  4 adders
  An adder skeleton (D:4)
  A worm (D:3)
  A dart slug (D:2)
  6 ball pythons
  A bat (D:3)
  9 endoplasms
  5 giant cockroaches (D:1)
  7 goblins
  5 hobgoblins
  8 kobolds
  2 quokkas
  4 frilled lizards
  4 rats
68 creatures vanquished.

Notes
Turn   | Place    | Note
-------+----------+-------------------------------------------
     0 | D:1      | pokeman the Deep Elf Hedge Wizard began the quest for the
                  | Orb.
     0 | D:1      | Reached XP level 1. HP: 10/10 MP: 7/7
   330 | D:1      | Reached XP level 2. HP: 15/15 MP: 9/9
   515 | D:1      | Found a faded altar of an unknown god.
   728 | D:1      | Found Nask's Distillery.
   733 | D:1      | Bought a potion of curing for 30 gold pieces
   824 | D:1      | Reached skill level 5 in Spellcasting
   824 | D:1      | Reached XP level 3. HP: 11/20 MP: 11/11
   829 | D:1      | Learned a level 3 spell: Mephitic Cloud
   832 | D:1      | Learned a level 2 spell: Call Imp
   835 | D:1      | Learned a level 2 spell: Blink
   839 | D:1      | Learned a level 3 spell: Conjure Flame
  1473 | D:2      | Reached skill level 1 in Armour
  2098 | D:2      | Identified the Almanac of Toxic Translocation
  2102 | D:2      | Learned a level 1 spell: Apportation
  2162 | D:3      | Noticed Natasha
  2169 | D:3      | Reached skill level 1 in Fighting
  2170 | D:3      | Killed Natasha
  2171 | D:3      | Reached XP level 4. HP: 14/25 MP: 13/13
  2199 | D:3      | Noticed Natasha
  2210 | D:3      | Killed Natasha
  2391 | D:3      | Reached skill level 1 in Fire Magic
  2491 | D:3      | Noticed Natasha
  2498 | D:3      | Killed Natasha
  2499 | D:3      | Reached skill level 6 in Spellcasting
  2499 | D:3      | Reached XP level 5. HP: 29/29 MP: 15/15
  2692 | D:3      | Noticed Sigmund
  2706 | D:3      | Killed Sigmund
  2707 | D:3      | Reached skill level 1 in Air Magic
  2707 | D:3      | Reached XP level 6. HP: 17/34 MP: 16/17
  2865 | D:3      | Found a snail-covered altar of Cheibriados.
  2885 | D:3      | Noticed Grinder
  2889 | D:3      | Paralysed by Grinder for 5 turns
  2902 | D:3      | Killed Grinder
  2903 | D:3      | Reached skill level 8 in Spellcasting
  3086 | D:3      | Noticed Ijyb
  3102 | D:3      | Killed Ijyb
  3103 | D:3      | Reached XP level 7. HP: 25/38 MP: 21/21
  3263 | D:3      | Found a blossoming altar of Fedhas.
  3696 | D:4      | Reached skill level 1 in Poison Magic
  3893 | D:4      | Reached skill level 9 in Spellcasting
  4225 | D:4      | Reached skill level 1 in Evocations
  4581 | D:1      | Bought a potion of heal wounds for 50 gold pieces
  4581 | D:1      | Bought a potion of heal wounds for 50 gold pieces
  4581 | D:1      | Bought a potion of curing for 30 gold pieces
  4654 | D:5      | Entered Level 5 of the Dungeon
  4709 | D:5      | Noticed Prince Ribbit
  4717 | D:5      | Noticed Eustachio
  4724 | D:5      | Slain by Prince Ribbit

Illustrated notes

Levels and vault maps discovered:
D:1:      mushboom_english_gardens, layout_loops_ring,
          hellmonk_ecumenical_altar_crossroads, serial_shops, shop
D:2:      layout_basic
D:3:      layout_loops_ring, overflow_temple_1_default,
          nicolae_overflow_crystal_walls, uniq_natasha, uniq_ijyb, uniq_sigmund,
          uniq_grinder
D:4:      layout_loops_ring, minmay_cut_off
D:5:      layout_rooms, lemuel_round_altar, kennysheep_cross_room,
          serial_park_tiny_2, uniq_prince_ribbit1, uniq_eustachio

Skill      XL: |  1  2  3  4  5  6  7 |
---------------+----------------------+-----
Spellcasting   | 5 6 8 9 |  9.0
Armour         | 1 |  1.0
Conjurations   | 2 3 |  3.4
Fighting       | 1 |  1.6
Fire Magic     | 1 |  1.0
Dodging        | 3 |  3.0
Stealth        | 3 |  3.2
Air Magic      | 1 |  1.4
Poison Magic   | 1 |  1.0
Evocations     | 1 |  1.0
Summonings     | |  1.1
Translocations | |  1.1

Action                   |  1- 3 |  4- 6 |  7- 9 || total
-------------------------+-------+-------+-------++-------
Melee: Dagger            |     9 |    14 |     9 ||    32
 Cast: Magic Dart        |    84 |    32 |    64 ||   180
       Mephitic Cloud    |     2 |     5 |     3 ||    10
       Conjure Flame     |       |     2 |       ||     2
 Stab: Confused          |     2 |     2 |       ||     4
       Sleeping          |     2 |       |       ||     2
Armor: Robe              |     1 |       |       ||     1
       Leather armour    |       |     1 |    13 ||    14
Dodge: Dodged            |     9 |    10 |    32 ||    51

Table legend: (Time is in decaauts)
 A = Elapsed time spent in this place.
 B = Non-inter-level travel time spent in this place.
 C = Inter-level travel time spent in this place.
 D = Time resting spent in this place.
 E = Time spent auto-exploring this place.
 F = Levels seen in this place.
 G = Mean time per level.
                   A        B        C        D        E       F      G
               +--------+--------+--------+--------+--------+-----+--------+
         Total |   4723 |   4520 |    203 |    107 |   3987 |   5 |  944.6 |
       Dungeon |   4723 |   4520 |    203 |    107 |   3987 |   5 |  944.6 |
               +--------+--------+--------+--------+--------+-----+--------+

Top non-repeatable levels by time:
     D:3: 1324 daAuts
     D:1: 1148 daAuts
     D:4: 1115 daAuts
     D:2: 1065 daAuts
     D:5: 69 daAuts
